 Dungeon Crawl Stone Soup version 0.27-a0-1565-gad902ab807 (webtiles) character file.

Game seed: 7381567816792298769

39 gruber the Cudgeller (level 3, -3/31 HPs)
             Began as a Minotaur Fighter on July 17, 2021.
             Slain by a hornet zombie (4 damage)
             ... on level 3 of the Dungeon.
             The game lasted 00:00:44 (1222 turns).

gruber the Cudgeller (Minotaur Fighter)             Turns: 1222, Time: 00:00:44

Health: -3/31      AC:  6    Str: 21    XL:     3   Next: 28%
Magic:  2/2        EV:  7    Int:  5    God:
Gold:   82         SH:  9    Dex:  9    Spells: 2/2 levels left

rFire    . . .     SeeInvis .   a - +0 flail
rCold    . . .     Faith    .   c - +0 kite shield
rNeg     . . .     Spirit   .   b - +0 scale mail
rPois    .         Reflect  .   (helmet restricted)
rElec    .         Harm     .   (no cloak)
rCorr    .         Rampage  .   (no gloves)
Will     .....                  (no boots)
Stlth    ..........             (no amulet)
HPRegen  0.10/turn              (no ring)
MPRegen  0.08/turn              (no ring)

@: no status effects
A: horns 2, retaliatory headbutt
a: no special abilities


You were on level 3 of the Dungeon.
You visited 1 branch of the dungeon, and saw 3 of its levels.

You collected 82 gold pieces.

Inventory:

Hand Weapons
 a - a +0 flail (weapon)
Missiles
 f - 16 poisoned darts (quivered)
Armour
 b - a +0 scale mail (worn)
 c - a +0 kite shield (worn)
Jewellery
 j - a ring of poison resistance
Scrolls
 e - a scroll of magic mapping {unknown}
 g - a scroll of teleportation {unknown}
 h - a scroll of identify {unknown}
Potions
 d - a potion of might
 i - a potion of curing {unknown}


   Skills:
 - Level 3.6 Fighting
 + Level 4.5 Maces & Flails
 + Level 0.3 Throwing
 - Level 3.6 Armour
 - Level 3.6 Shields


You had 2 spell levels left.
You didn't know any spells.
Your spell library contained the following spells:

 Spells                   Type           Power      Damage    Failure   Level
 Summon Guardian Golem    Hex/Summ       0%         N/A       100%        3
 Orb of Destruction       Conj           0%         N/A       100%        7
 Spellforged Servitor     Conj/Summ      0%         N/A       100%        7


Dungeon Overview and Level Annotations

Branches:
Dungeon (2/15)

Altars:


Innate Abilities, Weirdness & Mutations

You have a pair of horns on your head.
You reflexively headbutt those who attack you in melee.


Message History

You kill the adder!
The rat bites you.
You barely miss the rat. The rat bites you.
You closely miss the rat. The rat barely misses you.
You block the hornet zombie's attack. The rat bites you.
You hit the hornet zombie. Your headbutt misses the hornet zombie.
The hornet zombie is lightly damaged.
The hornet zombie hits you. The rat bites you but does no damage.
You block the hornet zombie's attack.
Your shield prevents you from hitting the hornet zombie.
The hornet zombie is lightly damaged.
The rat barely misses you. The hornet zombie hits you.
You block the rat's attack. The hornet zombie hits you.
You are too injured to fight recklessly!
You are too injured to fight recklessly!
You are too injured to fight recklessly!
You are too injured to fight recklessly!
You are too injured to fight recklessly!
You are too injured to fight recklessly!
You are too injured to fight recklessly!
You are too injured to fight recklessly!
You are too injured to fight recklessly!
You are too injured to fight recklessly!
You are too injured to fight recklessly!
You are too injured to fight recklessly!
You are too injured to fight recklessly!
Unknown command.
Unknown command.
Your shield and scale mail prevent you from hitting the hornet zombie.
The hornet zombie is lightly damaged.
The hornet zombie closely misses you. The rat bites you.
You hit the hornet zombie but do no damage.
The hornet zombie is lightly damaged.
The hornet zombie hits you!
* * * LOW HITPOINT WARNING * * *
The rat bites you but does no damage. You block the hornet zombie's attack.
You hit the hornet zombie.
The hornet zombie is lightly damaged.
The hornet zombie hits you.
You die...

. #. ####
...#.(.##
......<.##
.........#
......r..#
......Z@.#
.......!##
.......##
##.....
######


You could see a hornet zombie and a rat.

Vanquished Creatures
  An adder (D:3)
  2 dart slugs (D:1)
  An endoplasm (D:1)
  3 goblins (D:1)
  A hobgoblin (D:1)
  3 jackals (D:1)
  A kobold (D:1)
  4 quokkas (D:1)
  3 bats
  3 frilled lizards
  2 rats (D:1)
24 creatures vanquished.

Notes
Turn   | Place    | Note
-------+----------+-------------------------------------------
     0 | D:1      | gruber the Minotaur Fighter began the quest for the Orb.
     0 | D:1      | Reached XP level 1. HP: 19/19 MP: 0/0
   202 | D:1      | Reached skill level 3 in Maces & Flails
   211 | D:1      | Reached XP level 2. HP: 23/26 MP: 1/1
   373 | D:1      | Reached skill level 4 in Maces & Flails
   972 | D:1      | Reached XP level 3. HP: 31/31 MP: 2/2
  1212 | D:2      | You fall into a shaft and drop 1 floor!
  1221 | D:3      | HP: 1/31 [hornet zombie (9)]
  1222 | D:3      | Slain by a hornet zombie

Illustrated notes

Levels and vault maps discovered:
D:1:      wheals_arrival_linesprint, layout_loops_corners, columned_hall_lemuel
D:2:      layout_loops_ring, dk_vineyard_2, kennysheep_pointless_box,
          grunt_ministairs_4
D:3:      layout_rooms, grunt_qazlal_sundering, cheibrodos_sewer_entry_bend

Skill      XL: |  1  2 |
---------------+-------+-----
Maces & Flails | 3 4 |  4.5
Fighting       | |  3.6
Throwing       | |  0.3
Armour         | |  3.6
Shields        | |  3.6

Action                   || total
-------------------------++-------
Melee: Flail             ||    51
       Headbutt          ||    12
Throw: Dart              ||     4
Armor: Scale mail        ||    25
Dodge: Dodged            ||    12
Block: Kite shield       ||    34

Table legend: (Time is in decaauts)
 A = Elapsed time spent in this place.
 B = Non-inter-level travel time spent in this place.
 C = Inter-level travel time spent in this place.
 D = Time resting spent in this place.
 E = Time spent auto-exploring this place.
 F = Levels seen in this place.
 G = Mean time per level.
                   A        B        C        D        E       F      G
               +--------+--------+--------+--------+--------+-----+--------+
         Total |   1245 |   1186 |     59 |      0 |   1029 |   3 |  415.0 |
       Dungeon |   1245 |   1186 |     59 |      0 |   1029 |   3 |  415.0 |
               +--------+--------+--------+--------+--------+-----+--------+

Top non-repeatable levels by time:
     D:1: 1220 daAuts
     D:3: 12 daAuts
     D:2: 11 daAuts
